 Dungeon Crawl Stone Soup version 0.28-a0-691-gad6df49e81 (webtiles) character file.

Game seed: 13088690788089028176

1376 KoroneIsBestGirl the Chiller (level 8, -2/78 HPs)
             Began as a Barachi Ice Elementalist on Oct 21, 2021.
             Slain by an ice beast (11 damage)
             ... on level 5 of the Dungeon.
             The game lasted 00:05:46 (4649 turns).

KoroneIsBestGirl the Chiller (BaIE)                 Turns: 4649, Time: 00:05:48

Health: -2/78      AC: 24    Str: 13    XL:     8   Next: 66%
Magic:  5/16       EV:  2    Int: 19    God:
Gold:   215        SH:  9    Dex: 12    Spells: 13/17 levels left

rFire   . . .      SeeInvis +   l - +11 dagger "Fiaringo" {vorpal, Str+4 SInv}
rCold   . . .      Faith    .   k - +0 kite shield
rNeg    . . .      Spirit   .   (armour currently unavailable)
rPois   +          Reflect  .   (helmet currently unavailable)
rElec   .          Harm     .   (cloak currently unavailable)
rCorr   .          Rampage  .   (gloves currently unavailable)
Will    .....      NoTele   +   (boots currently unavailable)
Stlth   ++........              (no amulet)
HPRegen 0.23/turn               (no ring)
MPRegen 0.15/turn               (no ring)

@: tree-form, freezing walls
A: stationary, stasis, torment immunity, boosted hp, (amphibious), (slowness 1),
(strong legs 1), +LOS
a: no special abilities


You were on level 5 of the Dungeon.
You were a tree.
You visited 2 branches of the dungeon, and saw 6 of its levels.

You collected 215 gold pieces.

Inventory:

Hand Weapons
 c - a +0 hand axe
 l - the +11 dagger "Fiaringo" (weapon) {vorpal, Str+4 SInv}
   (You found it on level 4 of the Dungeon)

   It inflicts extra damage upon your enemies.
   Str:       It affects your strength (+4).
   SInv:      It lets you see invisible.
Armour
 a - a +0 robe (melded)
 k - a +0 kite shield (worn)
Jewellery
 n - an amulet of reflection
Wands
 j - a wand of flame (21)
Scrolls
 b - a scroll of fear
 g - a scroll of enchant weapon
 h - 3 scrolls of magic mapping
 i - 2 scrolls of vulnerability {unknown}
Potions
 e - 3 potions of curing
 f - a potion of berserk rage {unknown}


   Skills:
 + Level 3.5 Short Blades
 - Level 5.0 Dodging
 - Level 1.7 Stealth
 * Level 5.4 Shields
 + Level 5.4 Spellcasting
 + Level 7.7 Ice Magic


You had 13 spell levels left.
You knew the following spells:

 Your Spells              Type           Power      Damage    Failure   Level
a - Freeze                Ice            100%       1d11      1%          1
b - Frozen Ramparts       Ice            68%        1d8       4%          3

Your spell library contained the following spells:

 Spells                   Type           Power      Damage    Failure   Level
 Ozocubu's Armour         Ice            34%        N/A       4%          3
 Shock                    Conj/Air       20%        1d4       38%         1
 Hailstorm                Conj/Ice       19%        3d6       63%         4
 Conjure Flame            Conj/Fire      5%         6-21      77%         3
 Ignite Poison            Fire/Tmut/Pois 5%         N/A       77%         3
 Swiftness                Air            5%         N/A       77%         3
 Airstrike                Air            2%         N/A       99%         4
 Sticky Flame             Conj/Fire      5%         2d3       99%         4
 Blade Hands              Tmut           2%         N/A       100%        5
 Irradiate                Conj/Tmut      2%         3d14      100%        5
 Dragon Form              Tmut           2%         N/A       100%        7


Dungeon Overview and Level Annotations

Branches:
Dungeon (5/15)             Temple (1/1) D:4

Altars:
Cheibriados
Dithmenos
Elyvilon
Fedhas
Hepliaklqana
Kikubaaqudgha
Makhleb
Nemelex Xobeh
Okawaru
Sif Muna
Trog
Uskayaw
Vehumet
Wu Jian
Xom
Yredelemnul

Shops:
D:4 *


Innate Abilities, Weirdness & Mutations

You are a tree.
Your roots penetrate the ground, keeping you stationary.
You cannot be teleported.
You are immune to unholy pain and torment.
Your maximum health is greatly increased.
Your equipment is partially melded.
((You are amphibious.))
((You cover ground slowly.))
((You can hop short distances.))
You have an extended range of vision and can be seen from far away.


Message History

You kill the two-headed ogre!
The ice beast completely resists.
The wall freezes the ice beast but does no damage.
Your Short Blades skill increases to level 3!
Your Shields skill gained 2 levels and is now at level 5!
Your Spellcasting skill increases to level 5!
You have reached level 8!
You feel clever.
It was a potion of lignification.
You turn into a tree.
Your +0 robe melds into your body.
Your roots penetrate the ground.
The frozen ramparts melt away.
The ice beast hits you but does no damage.
Casting: Freeze (safe; 1% risk of failure)
Confirm with . or Enter, or press ? or * to list all spells.
Casting: Frozen Ramparts (dangerous; 4% risk of failure)
Press: ? - help, Dir - look around, f - activate The walls around you are covered in ice.
The ice beast completely resists.
The wall freezes the ice beast but does no damage.
You block the ice beast's attack.
Unknown command.
You hit the ice beast.
The ice beast is moderately wounded.
The ice beast completely resists.
The wall freezes the ice beast but does no damage.
The ice beast hits you but does no damage.
You puncture the ice beast!
The ice beast is severely wounded.
The ice beast completely resists.
The wall freezes the ice beast but does no damage.
You block the ice beast's attack.
Your magical contamination has completely faded away.
You closely miss the ice beast.
The ice beast is severely wounded.
The ice beast completely resists.
The wall freezes the ice beast but does no damage.
The ice beast hits you.
* * * LOW HITPOINT WARNING * * *
The ice beast freezes you!
You die...

#$... ..... ...
... ... #.# #.# .#
#Y########
....^####♣........
......).<.########
###########


You could see an ice beast.

Vanquished Creatures
  A two-headed ogre (D:5)
  Pikel (D:3)
  A hound (D:4)
  A centaur skeleton (D:4)
  An iguana (D:4)
  Jessica (D:2)
  Natasha (thrice) (D:2)
  Robin (D:2)
  8 adders
  A worm (D:2)
  3 dart slugs
  4 orcs (D:4)
  10 ball pythons
  5 bats
  8 endoplasms
  3 giant cockroaches
  17 goblins
  6 hobgoblins
  A quokka (D:2)
  2 frilled lizards (D:1)
  3 kobolds
  6 rats
87 creatures vanquished.

Notes
Turn   | Place    | Note
-------+----------+-------------------------------------------
     0 | D:1      | KoroneIsBestGirl the Barachi Ice Elementalist began the
                  | quest for the Orb.
     0 | D:1      | Reached XP level 1. HP: 13/13 MP: 3/3
   347 | D:1      | Reached skill level 5 in Ice Magic
   347 | D:1      | Reached XP level 2. HP: 18/19 MP: 1/5
  1467 | D:2      | Reached XP level 3. HP: 21/24 MP: 7/7
  1673 | D:2      | Noticed Natasha
  1683 | D:2      | Killed Natasha
  1684 | D:2      | Reached XP level 4. HP: 10/30 MP: 0/8
  1688 | D:2      | Learned a level 3 spell: Frozen Ramparts
  1735 | D:2      | Noticed Natasha
  1740 | D:2      | Killed Natasha
  1878 | D:2      | Noticed Natasha
  1881 | D:2      | Killed Natasha
  1882 | D:2      | Reached XP level 5. HP: 21/35 MP: 3/10
  2092 | D:2      | Reached skill level 6 in Ice Magic
  2510 | D:2      | Noticed Jessica
  2514 | D:2      | Killed Jessica
  2596 | D:2      | Noticed Robin
  2606 | D:2      | Killed Robin
  2607 | D:2      | Reached XP level 6. HP: 33/41 MP: 7/11
  2811 | D:2      | Found a faded altar of an unknown god.
  3738 | D:4      | Found a staircase to the Ecumenical Temple.
  3738 | D:4      | Identified the +11 dagger "Fiaringo" {vorpal, Str+4 SInv}
  3893 | D:4      | Noticed Pikel
  3907 | D:4      | Found Zom Xion's Gadget Gallery.
  3914 | D:3      | Killed Pikel
  3915 | D:3      | Reached skill level 5 in Dodging
  3915 | D:3      | Reached XP level 7. HP: 32/46 MP: 5/14
  4037 | D:4      | Reached skill level 7 in Ice Magic
  4220 | Temple   | Entered the Ecumenical Temple
  4633 | D:5      | Entered Level 5 of the Dungeon
  4633 | D:5      | Noticed a two-headed ogre
  4644 | D:5      | Killed a two-headed ogre
  4645 | D:5      | Reached skill level 5 in Shields
  4645 | D:5      | Reached skill level 5 in Spellcasting
  4645 | D:5      | Reached XP level 8. HP: 6/52 MP: 7/16
  4649 | D:5      | Slain by an ice beast

Illustrated notes

Levels and vault maps discovered:
D:1:      matt_arrival_diagonals, layout_basic
D:2:      layout_rooms, ebering_ecumenical_altar_hall, minmay_snake_closets,
          uniq_robin, uniq_natasha, uniq_jessica
D:3:      layout_loops_ring
D:4:      layout_gridville, minmay_temple_entry_drinking_statues,
          nicolae_shop_gadgets, uniq_pikel
D:5:      layout_loops_ring, nicolae_ossuary_entry_plus, minmay_manual_mail,
          uniq_grinder, uniq_blork_the_orc
Temple:   nicolae_temple_elliptical

Skill      XL: |  1  2  3  4  5  6  7 |
---------------+----------------------+-----
Ice Magic      | 5 6 7 |  7.7
Dodging        | 3 4 5 |  5.0
Spellcasting   | 3 4 5 |  5.4
Short Blades   | 2 3 |  3.5
Shields        | 3 5 |  5.4
Stealth        | |  1.7

Action                   |  1- 3 |  4- 6 |  7- 9 || total
-------------------------+-------+-------+-------++-------
Melee: Unarmed           |     2 |       |       ||     2
       Hand axe          |    51 |     6 |       ||    57
       Dagger            |       |     6 |    25 ||    31
 Cast: Freeze            |    27 |    50 |    10 ||    87
       Frozen Ramparts   |       |     6 |     2 ||     8
 Abil: Hop               |       |     1 |       ||     1
  Use: Scroll            |       |       |     3 ||     3
       Potion            |       |       |     1 ||     1
 Stab: Sleeping          |     1 |       |       ||     1
Armor: Robe              |    17 |     7 |     1 ||    25
       Skin              |       |       |     2 ||     2
Dodge: Dodged            |    49 |    35 |    13 ||    97
Block: Kite shield       |       |     9 |    12 ||    21

Table legend: (Time is in decaauts)
 A = Elapsed time spent in this place.
 B = Non-inter-level travel time spent in this place.
 C = Inter-level travel time spent in this place.
 D = Time resting spent in this place.
 E = Time spent auto-exploring this place.
 F = Levels seen in this place.
 G = Mean time per level.
                   A        B        C        D        E       F      G
               +--------+--------+--------+--------+--------+-----+--------+
         Total |   5128 |   4862 |    266 |    198 |   4034 |   6 |  854.7 |
       Dungeon |   4985 |   4729 |    256 |    198 |   3920 |   5 |  997.0 |
        Temple |    142 |    133 |      9 |      0 |    114 |   1 |  142.0 |
               +--------+--------+--------+--------+--------+-----+--------+

Top non-repeatable levels by time:
     D:2: 1655 daAuts
     D:1: 1593 daAuts
     D:3: 873 daAuts
     D:4: 846 daAuts
  Temple: 142 daAuts
     D:5: 16 daAuts
